 Dungeon Crawl Stone Soup version 0.27.0-65-ge2af304b15 (webtiles) character file.

Game seed: 13647256136755523251

27 Gwenloh the Insei (level 3, -9/26 HPs)
             Began as a Merfolk Transmuter on Aug 19, 2021.
             Mangled by a gnoll (10 damage)
             ... on level 2 of the Dungeon.
             The game lasted 00:03:47 (1313 turns).

Gwenloh the Insei (Merfolk Transmuter)              Turns: 1313, Time: 00:03:48

Health: -9/26      AC:  2    Str: 10    XL:     3   Next: 10%
Magic:  3/6        EV: 20    Int: 13    God:
Gold:   28         SH:  0    Dex: 19    Spells: 0/6 levels left

rFire    . . .     SeeInvis .     - Unarmed
rCold    . . .     Faith    .   (shield currently unavailable)
rNeg     . . .     Spirit   .   (armour currently unavailable)
rPois    x         Reflect  .   (helmet currently unavailable)
rElec    .         Harm     .   (cloak currently unavailable)
rCorr    .         Rampage  .   (gloves currently unavailable)
Will     .....                  (boots currently unavailable)
Stlth    ++........             (no amulet)
HPRegen  0.08/turn              (no ring)
MPRegen  0.10/turn              (no ring)

@: spider-form (expiring)
A: venomous fangs, tiny, (nimble swimmer 2), (mertail)
a: End Transformation


You were on level 2 of the Dungeon.
You were a venomous arachnid creature.
You visited 1 branch of the dungeon, and saw 2 of its levels.

You collected 28 gold pieces.

Inventory:

Missiles
 e - 7 boomerangs (quivered)
 f - 4 stones
Armour
 a - a +0 robe (melded)
Scrolls
 g - a scroll of magic mapping {unknown}
 h - a scroll of identify {unknown}
Potions
 b - a potion of invisibility {unknown}
 c - a potion of magic {unknown}
 d - a potion of attraction {unknown}
 i - a potion of cancellation {unknown}


   Skills:
 - Level 1.1 Fighting
 - Level 2.6 Dodging
 + Level 4.0 Unarmed Combat
 - Level 2.0 Spellcasting
 + Level 3.7 Transmutations
 + Level 0.1 Poison Magic


You couldn't memorise any spells.
You knew the following spells:

 Your Spells              Type           Power      Damage    Failure   Level
a - Beastly Appendage     Tmut           22%        N/A       16%         1
b - Wereblood             Tmut           11%        N/A       22%         2
c - Spider Form           Tmut/Pois      3%         N/A       56%         3

Your spell library contained the following spells:

 Spells                   Type           Power      Damage    Failure   Level
 Ice Form                 Ice/Tmut       6%         N/A       89%         4


Dungeon Overview and Level Annotations

Branches:
Dungeon (2/15)

Altars:


Innate Abilities, Weirdness & Mutations

You are a venomous arachnid creature.
You have poisonous fangs.
You are tiny and dextrous.
Your spellcasting is less reliable in this form.
Your armour is entirely melded.
You are incapable of wielding weapons or throwing items.
((You are quick and stealthy near water. (Stealth+, EV+, Speed+++)))
((Your lower body shifts to a powerful aquatic tail in water.))


Message History

The giant cockroach barely misses you.
You barely miss the giant cockroach.
The giant cockroach is heavily wounded.
The giant cockroach bites you.
A gnoll comes into view.
It is wielding a +2 flail of protection.
You hit the giant cockroach but do no damage.
Your headbutt misses the giant cockroach.
The giant cockroach is heavily wounded.
The giant cockroach closely misses you.
You closely miss the giant cockroach. You headbutt the giant cockroach.
The giant cockroach is almost dead.
The giant cockroach barely misses you.
You hit the giant cockroach.
You kill the giant cockroach!
Your horns disappear.
You see here a giant cockroach corpse.
Casting: Beastly Appendage (safe; 5% risk of failure)
Confirm with . or Enter, or press ? or * to list all spells.
The spell is extremely dangerous to cast (34% risk of failure)!
Continue anyway?
You turn into a venomous arachnid creature.
Your +0 robe melds into your body.
Your transformation is almost over.
The gnoll closely misses you.
You completely miss the gnoll.
The gnoll hits you with a +2 flail of protection!
You hit the gnoll but do no damage. The gnoll closely misses you.
You hit the gnoll but do no damage.
The gnoll is poisoned.
The gnoll hits you with a +2 flail of protection!
* * * LOW HITPOINT WARNING * * *
You hit the gnoll.
The gnoll looks as sick as possible!
The gnoll is moderately wounded.
The gnoll hits you with a +2 flail of protection.
* * * LOW HITPOINT WARNING * * *
You hit the gnoll but do no damage.
The gnoll looks as sick as possible!
The gnoll is severely wounded.
The gnoll closely misses you.
You barely miss the gnoll.
The gnoll is severely wounded.
The gnoll hits you with a +2 flail of protection!
You die...

.. ### ####.#
#.. ...... #.#
#.#... #.#
..... #.##..#
#<....#.#..
#.†sg......
#....†..###...
#.##.##.# #
#!# .# #.# .#
#.# .# #.# .#
... .#


You could see a gnoll (extremely poisoned).

Vanquished Creatures
  2 ball pythons (D:1)
  2 endoplasms (D:1)
  2 giant cockroaches
  4 goblins (D:1)
  2 hobgoblins (D:1)
  3 kobolds (D:1)
  A quokka (D:1)
  4 bats
  2 frilled lizards (D:1)
  2 rats (D:1)
24 creatures vanquished.

Notes
Turn   | Place    | Note
-------+----------+-------------------------------------------
     0 | D:1      | Gwenloh the Merfolk Transmuter began the quest for the Orb.
     0 | D:1      | Reached XP level 1. HP: 15/15 MP: 3/3
   177 | D:1      | Reached XP level 2. HP: 15/21 MP: 1/5
   182 | D:1      | Learned a level 2 spell: Wereblood
  1132 | D:1      | Reached skill level 4 in Unarmed Combat
  1132 | D:1      | Reached XP level 3. HP: 26/26 MP: 6/6
  1136 | D:1      | Learned a level 3 spell: Spider Form
  1311 | D:2      | HP: 1/26 [gnoll (5)]
  1313 | D:2      | Mangled by a gnoll

Illustrated notes

Levels and vault maps discovered:
D:1:      onia_arrival_pentagram, layout_basic, grunt_decor_cap
D:2:      layout_loops_cross, minivault_11, uniq_terence

Skill      XL: |  1  2 |
---------------+-------+-----
Transmutations | 3 |  3.7
Unarmed Combat | 4 |  4.0
Fighting       | |  1.1
Dodging        | |  2.6
Spellcasting   | |  2.0
Poison Magic   | |  0.1

Action                   || total
-------------------------++-------
Melee: Unarmed           ||    72
       Headbutt          ||     5
Throw: Boomerang         ||    11
       Stone             ||     7
 Cast: Beastly Appendage ||    15
       Spider Form       ||     1
Armor: Robe              ||    10
Dodge: Dodged            ||    55
